 Dungeon Crawl Stone Soup version 0.22-a0-515-g75794bf (webtiles) character file.

67659 jerryfan the Unseen (level 15, -1/84 HPs)
             Began as a Halfling Gladiator on June 15, 2018.
             Was the Champion of Dithmenos.
             Slain by a death yak (25 damage)
             ... on level 5 of the Lair of Beasts on June 19, 2018.
             The game lasted 01:54:56 (20917 turns).

jerryfan the Unseen (Halfling Gladiator)           Turns: 20917, Time: 01:54:57

Health: -1/84      AC: 14    Str: 15      XL:     15   Next: 67%
Magic:  24/24      EV: 26    Int:  8      God:    Dithmenos [******]
Gold:   814        SH:  0    Dex: 21 (23) Spells: 12/14 levels left

rFire    + + .     SeeInvis .   H - +5 dagger (venom)
rCold    + . .     Gourm    .   (shield restricted)
rNeg     . . .     Faith    .   Y - +2 robe {rF+}
rPois    .         Spirit   .   N - +2 hat
rElec    .         Reflect  .   a - scarf {rC+ rF+}
rCorr    .         Harm     .   s - +0 pair of gloves
MR       +....                  W - +2 pair of boots {Fly}
Stlth    ++++++++++             G - amulet of regeneration
HPRegen  0.64/turn              o - +4 ring of protection
MPRegen  0.19/turn              x - ring of wizardry

@: flying, wreathed by umbra
A: small, clever 1, deterioration 1, mutation resistance 1
a: Shadow Step, Shadow Form, Renounce Religion, Stop Flying


You were on level 5 of the Lair of Beasts.
You worshipped Dithmenos.
Dithmenos was exalted by your worship.
You were not hungry.

You visited 4 branches of the dungeon, and saw 22 of its levels.

You collected 1166 gold pieces.
You spent 352 gold pieces at shops.

Inventory:

Hand Weapons
 y - a +2 dagger of speed
 B - a +1 dagger of electrocution
 H - a +5 dagger of venom (weapon)
 S - a +0 dagger of holy wrath
 X - a +1 dagger of protection
Missiles
 d - 2 throwing nets (quivered)
 k - 81 poisoned needles
 D - 10 needles of confusion
 R - 18 tomahawks
Armour
 a - a scarf of resistance (worn)
 s - a +0 pair of gloves (worn)
 u - a +2 robe of cold resistance
 N - a +2 hat (worn)
 U - a +3 leather armour
 V - +0 acid dragon scales
 W - a +2 pair of boots of flying (worn)
 Y - a +2 robe of fire resistance (worn)
Jewellery
 m - an uncursed ring of see invisible
 n - an uncursed ring of positive energy
 o - a +4 ring of protection (left hand)
 q - an uncursed ring of ice
 w - a +2 ring of dexterity
 x - a ring of wizardry (right hand)
 G - an amulet of regeneration (around neck)
 M - a +4 amulet of reflection
 Z - an uncursed amulet of the acrobat
Wands
 F - a wand of random effects (7)
 L - a wand of acid (9)
 P - a wand of paralysis (3)
 Q - a wand of flame (8)
Scrolls
 c - a scroll of brand weapon
 g - 2 scrolls of fog
 h - 3 scrolls of identify
 j - 4 scrolls of remove curse
 p - 18 scrolls of teleportation
 r - a scroll of blinking
 t - 8 scrolls of enchant weapon
 v - 3 scrolls of fear
 I - a scroll of silence
 J - 3 scrolls of magic mapping
Potions
 e - 4 potions of agility
 l - 2 potions of brilliance
 z - 3 potions of heal wounds
 A - a potion of curing
 C - a potion of might
 E - 3 potions of berserk rage
 K - 2 potions of lignification
 O - a potion of magic
Miscellaneous
 b - a box of beasts
Comestibles
 f - 40 rations
 i - 3 chunks of flesh


   Skills:
 - Level 1.7 Fighting
 + Level 13.0 Short Blades
 + Level 10.9 Throwing
 + Level 12.0 Dodging
 * Level 17.0 Stealth
 + Level 12.0 Evocations


You had 12 spell levels left.
You knew the following spells:

 Your Spells              Type           Power        Failure   Level  Hunger
a - Corpse Rot            Necr           N/A          26%         2    ###....

Your spell library contained the following spells:

 Spells                   Type           Power        Failure   Level  Hunger
 Lightning Bolt           Conj/Air       #.........   99%         5    ######.
 Mephitic Cloud           Conj/Pois/Air  #.......     45%         3    ####...
 Venom Bolt               Conj/Pois      #.........   99%         5    ######.
 Olgreb's Toxic Radiance  Pois           #.......     83%         4    #####..
 Sting                    Conj/Pois      #...         17%         1    ##.....
 Stone Arrow              Conj/Erth      #.....       45%         3    ####...
 Shock                    Conj/Air       #...         17%         1    ##.....
 Swiftness                Chrm/Air       #.......     26%         2    ###....
 Spider Form              Tmut/Pois      #.........   45%         3    ####...
 Blade Hands              Tmut           #.........   99%         5    ######.
 Ice Form                 Ice/Tmut       #.......     83%         4    #####..
 Airstrike                Air            #.........   83%         4    #####..
 Sticks to Snakes         Tmut           #.......     26%         2    ###....
 Static Discharge         Conj/Air       #.......     45%         3    ####...
 Leda's Liquefaction      Hex/Erth       #.........   83%         4    #####..
 Summon Hydra             Summ           #.........   100%        7    #######
 Beastly Appendage        Tmut           #.....       17%         1    ##.....
 Summon Forest            Summ/Tloc      #.........   99%         5    ######.
 Hydra Form               Tmut           #.........   100%        6    #######
 Poisonous Vapours        Pois/Air       #.....       26%         2    ###....


Dungeon Overview and Level Annotations

Branches:
Dungeon (15/15)            Temple (1/1) D:7            Lair (5/6) D:8
  Swamp (0/4) Lair:2       Spider (0/4) Lair:3          Orc (0/2) D:10
 Vaults (0/5) D:13         Depths (1/5) D:15
  Slime: Lair:5-6

Altars:
Ashenzari
Dithmenos
Elyvilon
Fedhas
Hepliaklqana
Nemelex Xobeh
Ru
Sif Muna
Trog
Xom
Yredelemnul
The Shining One
Jiyva

Shops:
D:4 [   D:5 (   D:10 }

Annotations:
D:1 exclusion: downstairs
D:5 exclusion: oklob plant
D:11 1 runed door, exclusions: downstairs and 4 orange crystal statues
D:15 3 runed doors, Gamaul's ghost, adept DsAs
Lair:1 3 runed doors, Xetaorace's ghost, journeyman DsGl


Innate Abilities, Weirdness & Mutations

You are small and have problems with some larger weapons.
You are somewhat resistant to further mutation.
Your mind is acute. (Int +2)
Your body sometimes deteriorates upon taking damage.


Message History

The death yak is moderately wounded.
Your mature oxbat beast hits the death yak.
Your mature oxbat beast tramples the death yak but does no damage.
The death yak gores you.
The death yak gores your mature oxbat beast.
Your mature oxbat beast hits the death yak!
Your mature oxbat beast tramples the death yak!
The death yak holds its ground!
The death yak gores you!!
You emit a cloud of dark smoke.
Unknown command.
Something gores your mature oxbat beast! x2
You puncture the death yak!
The death yak is poisoned.
The death yak is moderately wounded.
Your shadow hits the death yak but does no damage.
The death yak gores you!
* * * LOW HITPOINT WARNING * * *
Your mature oxbat beast barely misses the death yak.
Your mature oxbat beast closely misses the death yak.
The death yak gores you!!
You die...

.........................
...............Y.........
.............YYH.........
..............Y.......P.
.............YY§YY§.#.#
#..........####§§§..#
#.......##..###H§§.##
##.......##....#YY§§##..
#......##......§@§§.....
.............#P§§§...##..
#.......##...........#
........#...P.#......#
.......#.##.####....##
..........#.P.PP......
.......................
.......................
...................


You could see 2 death yaks and a friendly mature oxbat beast.

Vanquished Creatures
  Fannar (Lair:3)
  4 hydras
  An ice dragon (D:15)
  A centaur warrior (D:15)
  12 two-headed ogres
  The ghost of kirsanium the Blocker, a journeyman GrFi of Qazlal (D:9)
  An ogre mage (D:15)
  A death yak (Lair:5)
  3 tengu warriors
  2 unseen horrors
  A wizard (D:13)
  3 necromancers
  A wolf spider zombie (D:15)
  4 cyclopes
  A deep elf mage (D:15)
  4 ugly things
  13 elephants
  3 naga magi (D:15)
  3 gargoyles
  A black mamba (Lair:3)
  A torpor snail (Lair:2)
  8 spiny frogs
  4 centaur skeletons
  5 komodo dragons
  An efreet (D:13)
  6 trolls
  2 hornets (D:14)
  2 slime creatures (D:13)
  A meliai zombie (D:12)
  9 blink frogs
  2 hippogriffs
  2 dream sheep (Lair:2)
  3 centaur simulacra
  60 yaks
  The ghost of ThereIsNoGod the Ruffian, an amateur DrTm (D:3)
  13 humans (D:13)
  5 wyverns
  3 hungry ghosts
  5 wraiths
  A basilisk (Lair:2)
  A steam dragon (D:8)
  7 vampire mosquitoes
  3 acid dragons (D:15)
  9 water moccasins
  5 porcupines
  7 orc warriors
  2 sky beasts
  A phantom (D:7)
  2 ice beasts
  A necrophage (D:11)
  8 ogres
  3 black bears
  29 wolves
  10 centaurs
  23 crocodiles
  3 big kobolds
  15 bullfrogs
  8 scorpions
  8 killer bees
  4 wights
  4 howler monkeys
  9 crimson imps
  A bullfrog zombie (D:6)
  9 hounds
  2 quasits
  2 centaur zombies
  3 orc priests
  3 jellies
  4 bullfrog skeletons
  A gnoll shaman (D:7)
  12 iguanas
  10 worker ants
  9 orc wizards
  A hound skeleton (D:3)
  2 worker ant zombies
  4 gnolls (D:7)
  6 adders
  4 shadow imps
  2 adder skeletons
  2 worms (D:3)
  9 leopard geckos
  53 orcs
  2 bats
  4 giant cockroaches
  9 goblins
  6 hobgoblins
  14 jackals
  4 quokkas
  11 frilled lizards
  A jackal skeleton (D:4)
  20 kobolds
  A leopard gecko skeleton (D:9)
  2 rats
  A plant (Lair:4)
571 creatures vanquished.

Vanquished Creatures (collateral kills)
  A two-headed ogre (D:15)
  4 ugly things (D:15)
  A centaur zombie (D:13)
  3 elephants (Lair:3)
  A centaur skeleton (D:15)
  2 vampire mosquitoes (D:15)
  3 humans (D:13)
  3 centaurs (D:13)
  A hornet simulacrum (D:15)
19 creatures vanquished.

Vanquished Creatures (others)
  A vault guard (D:13)
  2 centaur warriors (D:13)
  2 two-headed ogres
  2 ugly things (D:15)
  2 slime creatures (D:13)
  A water elemental (Depths:1)
  A yak (D:11)
  4 humans (D:13)
  3 centaurs (D:13)
  A scorpion (D:15)
  An orc priest (D:13)
  6 fungi
  4 plants
30 creatures vanquished.

Grand Total: 620 creatures vanquished

Notes
Turn   | Place    | Note
-------+----------+-------------------------------------------
     0 | D:1      | jerryfan the Halfling Gladiator began the quest for the Orb.
     0 | D:1      | Reached XP level 1. HP: 14/14 MP: 1/1
    82 | D:1      | Reached skill level 1 in Stealth
    82 | D:1      | Reached XP level 2. HP: 19/19 MP: 2/2
   624 | D:2      | Reached XP level 3. HP: 24/24 MP: 3/3
   717 | D:2      | Reached skill level 2 in Stealth
   750 | D:2      | Reached XP level 4. HP: 18/29 MP: 4/4
  1317 | D:2      | Found a sparkling altar of Nemelex Xobeh.
  1627 | D:3      | Reached skill level 3 in Stealth
  1771 | D:3      | Reached XP level 5. HP: 34/34 MP: 5/5
  1935 | D:3      | Noticed ThereIsNoGod's ghost (amateur DrTm)
  1976 | D:3      | Killed ThereIsNoGod's ghost
  1976 | D:3      | Reached skill level 4 in Stealth
  1976 | D:3      | Reached XP level 6. HP: 16/39 MP: 6/6
  2426 | D:3      | Found a shattered altar of Ashenzari.
  2574 | D:4      | Found Jat Gys's Antique Armour Shop.
  2631 | D:4      | Reached skill level 5 in Short Blades
  2681 | D:4      | Reached XP level 7. HP: 36/44 MP: 7/7
  2795 | D:4      | Reached skill level 5 in Stealth
  3177 | D:5      | Entered Level 5 of the Dungeon
  3276 | D:5      | Found Xiylus's Weapon Shoppe.
  3707 | D:5      | Found a blossoming altar of Fedhas.
  3725 | D:5      | Noticed an oklob plant
  4235 | D:6      | Reached skill level 5 in Dodging
  4252 | D:6      | Reached skill level 6 in Stealth
  4268 | D:6      | Reached XP level 8. HP: 43/49 MP: 8/8
  4744 | D:6      | Reached skill level 7 in Stealth
  5352 | D:7      | Noticed a two-headed ogre
  5364 | D:7      | Killed a two-headed ogre
  5364 | D:7      | Reached skill level 5 in Throwing
  5364 | D:7      | Reached skill level 8 in Stealth
  5364 | D:7      | Reached XP level 9. HP: 54/54 MP: 9/9
  5531 | D:7      | Reached skill level 9 in Stealth
  5644 | D:7      | Found a staircase to the Ecumenical Temple.
  5672 | Temple   | Entered the Ecumenical Temple
  5696 | Temple   | Became a worshipper of Dithmenos the Shadowed
  6131 | D:8      | Noticed a two-headed ogre
  6152 | D:8      | Killed a two-headed ogre
  6152 | D:8      | Reached skill level 10 in Stealth
  6152 | D:8      | Reached XP level 10. HP: 60/60 MP: 10/10
  6361 | D:8      | Found a glowing golden altar of the Shining One.
  6428 | D:8      | Found a deep blue altar of Sif Muna.
  6428 | D:8      | Found a white marble altar of Elyvilon.
  6654 | D:8      | Reached * piety under Dithmenos
  6654 | D:8      | Reached skill level 1 in Evocations
  6657 | D:8      | Found a staircase to the Lair.
  7200 | D:9      | Found a basalt altar of Yredelemnul.
  7338 | D:9      | Reached skill level 5 in Evocations
  7378 | D:9      | Reached ** piety under Dithmenos
  7378 | D:9      | Reached XP level 11. HP: 54/64 MP: 15/15
  7473 | D:9      | Got a smoking plate armour
  7494 | D:9      | Identified the +1 plate armour of the Moon {rF+ MR+ Str-5 Dex+4} (You found it on level 9 of the Dungeon)
  7556 | D:9      | Noticed a two-headed ogre
  7563 | D:9      | Killed a two-headed ogre
  7988 | D:9      | Noticed kirsanium's ghost (journeyman GrFi)
  8035 | D:9      | Killed kirsanium's ghost
  8288 | D:10     | Entered Level 10 of the Dungeon
  8302 | D:10     | Found a staircase to the Orcish Mines.
  8446 | D:10     | Reached skill level 11 in Stealth
  8528 | D:10     | Found Xeg Bemi's Gadget Boutique.
  8531 | D:10     | Bought a wand of paralysis (10) for 132 gold pieces
  8531 | D:10     | Bought a box of beasts for 220 gold pieces
  8679 | D:10     | Reached *** piety under Dithmenos
  9165 | D:10     | Found a bloodstained altar of Trog.
  9256 | D:11     | Noticed a cyclops
  9263 | D:11     | Killed a cyclops
  9324 | D:11     | Noticed a two-headed ogre
  9376 | D:11     | Killed a two-headed ogre
  9376 | D:11     | Reached XP level 12. HP: 39/70 MP: 18/18
  9696 | D:11     | Reached skill level 12 in Stealth
  9901 | D:11     | Noticed a two-headed ogre
  9915 | D:11     | Killed a two-headed ogre
  9999 | D:11     | Reached **** piety under Dithmenos
 10035 | D:11     | Found a runed door.
 10037 | D:11     | Found the +10 large shield of Ignorance {rN+ Int-4}
 10078 | D:11     | Found a runed door.
 10577 | D:12     | Noticed a five-headed hydra
 10774 | D:11     | Killed a five-headed hydra
 11073 | D:12     | Noticed a two-headed ogre
 11079 | D:12     | Reached skill level 10 in Short Blades
 11089 | D:12     | Killed a two-headed ogre
 11304 | D:12     | Reached skill level 13 in Stealth
 11342 | D:12     | Noticed a two-headed ogre
 11350 | D:12     | Killed a two-headed ogre
 11372 | D:12     | Reached XP level 13. HP: 72/74 MP: 20/20
 11481 | D:12     | Reached skill level 10 in Evocations
 12235 | D:13     | Reached ***** piety under Dithmenos
 12242 | D:13     | Found a shimmering altar of Xom.
 12363 | D:13     | Noticed a centaur warrior
 12452 | D:13     | Killed a vault guard
 12455 | D:13     | Reached skill level 10 in Dodging
 12580 | D:13     | Killed a centaur warrior
 12582 | D:13     | Noticed a centaur warrior
 12624 | D:13     | Reached skill level 14 in Stealth
 13060 | D:13     | Got a slimy ring mail
 13061 | D:13     | Identified the cursed +1 ring mail "Meuz" {rF+ rN+++ Str-4 Slay-3} (You took it off a human on level 13 of the Dungeon)
 13090 | D:13     | Found a gate to the Vaults.
 13394 | D:13     | Upgraded the game from 0.22-a0-480-g991dd4b to 0.22-a0-515-g75794bf
 13569 | D:14     | Noticed a seven-headed hydra
 13584 | D:14     | Killed a seven-headed hydra
 14052 | D:14     | Reached XP level 14. HP: 80/80 MP: 22/22
 14460 | D:15     | Entered Level 15 of the Dungeon
 14566 | D:15     | Reached skill level 15 in Stealth
 14586 | D:15     | Found a staircase to the Depths.
 14624 | D:15     | Reached ****** piety under Dithmenos
 14709 | Depths:1 | Entered Level 1 of the Depths
 15137 | D:15     | Reached skill level 10 in Throwing
 15256 | D:15     | Noticed Gamaul's ghost (adept DsAs)
 15257 | D:15     | Noticed a vampire knight
 15264 | D:15     | Found a runed gate.
 15264 | D:15     | Found a runed gate.
 15266 | D:15     | Found a runed gate.
 15908 | Lair:1   | Entered Level 1 of the Lair of Beasts
 15928 | Lair:1   | Found a runed gate.
 15930 | Lair:1   | Found a runed gate.
 15930 | Lair:1   | Found a runed gate.
 15930 | Lair:1   | Found a viscous altar of Jiyva.
 15930 | Lair:1   | Noticed Xetaorace's ghost (journeyman DsGl)
 17143 | Lair:2   | Reached skill level 16 in Stealth
 17158 | Lair:2   | Reached XP level 15. HP: 84/84 MP: 23/23
 17212 | Lair:2   | Found a staircase to the Swamp.
 18330 | Lair:3   | Found a hole to the Spider Nest.
 18607 | Lair:3   | Noticed Fannar
 18625 | Lair:3   | Killed Fannar
 19854 | Lair:4   | Gained mutation: You are agile. (Dex +2) [potion of mutation]
 19855 | Lair:4   | Lost mutation: You are agile. (Dex +2) [potion of mutation]
 19855 | Lair:4   | Gained mutation: Your mind is acute. (Int +2) [potion of mutation]
 19855 | Lair:4   | Gained mutation: Your body sometimes deteriorates upon taking damage. [potion of mutation]
 20347 | Lair:4   | Reached skill level 17 in Stealth
 20471 | Lair:4   | Learned a level 2 spell: Corpse Rot
 20917 | Lair:5   | Slain by a death yak

Vault maps used:
D:1:      minmay_arrival_radiant_lines, serial_forest,
          infiniplex_forest_lined_3_way, infiniplex_forest_corner_1,
          infiniplex_forest_clump_double, infiniplex_forest_clump_long
D:2:      nemelex_xobeh_ov_fountains_minmay, first_ration
D:3:      evilmike_ruin_ashenzari
D:4:      serial_shops, shop, minmay_close_crescents
D:5:      tgw_fedhas, serial_shops, shop
D:6:      kennysheep_generic_room_7
D:7:      minmay_temple_entry_overgrown
D:8:      nicolae_overflow_crystal_walls, grunt_temple_overflow_open,
          erik_lair_dragon, grunt_ogre_cave
D:9:      nicolae_overflow_hidden_temple, minivault_25_ag
D:10:     orc_0_dummy, serial_shops, nicolae_shop_behind_doors,
          lemuel_tele_altar
D:11:     chequers_guarded_unrand_ignorance
D:13:     grunt_vaults_entry_tiered, xom_confusion_cloud
D:15:     grunt_enter_depths_magical_seal, gammafunk_ghost_split,
          hangedman_abyss_or_decor_clamps
Temple:   jpeg_temple_clearing
Lair:1:   gammafunk_ghost_ooze, lemuel_fruit_tree
Lair:2:   minmay_swamp_entry_swarm
Lair:3:   lemuel_reptile_caves, spider_nest_entry_web_field,
          grunt_forest_large_clearings, uniq_fannar
Depths:1: hell_entry, fountainhead, nicolae_twisting_strands,
          lemuel_freeze_loot_1, uniq_asterion, uniq_jorgrun, uniq_bai_suzhen

Skill      XL: |  1  2  3  4  5  6  7  8  9 10 11 12 13 14 15 |
---------------+----------------------------------------------+-----
Stealth        | 1 2 3 4 6 8 10 11 13 14 16 17 | 17.0
Short Blades   | 4 5 7 8 9 10 11 12 13 | 13.0
Dodging        | 4 5 6 7 8 9 10 11 12 | 12.0
Throwing       | 3 4 5 6 7 8 9 10 | 10.9
Evocations     | 5 9 10 11 12 | 12.0
Fighting       | |  1.7

Action                   |  1- 3 |  4- 6 |  7- 9 | 10-12 | 13-15 || total
-------------------------+-------+-------+-------+-------+-------++-------
Melee: Rapier            |    70 |    88 |       |       |       ||   158
       Dagger            |       |    88 |   268 |   998 |  1733 ||  3087
Throw: Throwing net      |       |     4 |     4 |     2 |     3 ||    13
 Abil: Stop Flying       |       |       |       |     1 |       ||     1
       Evoke Flight      |       |       |       |     1 |       ||     1
Evoke: Wand              |       |       |     5 |    13 |    60 ||    78
       Box of beasts     |       |       |       |       |     5 ||     5
  Use: Scroll            |     1 |     3 |     5 |     2 |    24 ||    35
       Potion            |       |     2 |     3 |     1 |     9 ||    15
 Stab: Sleeping          |     2 |     6 |    15 |    39 |    57 ||   119
       Held in net/web   |       |     1 |     5 |     2 |     6 ||    14
       Distracted        |       |       |       |     9 |    17 ||    26
       Paralysed         |       |       |       |     5 |    11 ||    16
       Betrayed ally     |       |       |       |       |     1 ||     1
  Eat: Chunk             |       |     5 |     4 |     8 |    18 ||    35
       Ration            |       |       |     2 |     3 |     4 ||     9
Armor: Leather armour    |    11 |    24 |    52 |   123 |    17 ||   227
       Robe              |       |       |       |       |   192 ||   192
       Skin              |       |       |       |       |    21 ||    21
Dodge: Dodged            |    59 |    83 |   159 |   569 |  1472 ||  2342

Table legend:
 A = Spawn XP
 B = Non-spawn XP
 C = Spawn XP percentage of total XP
 D = Spawn monster count
 E = Non-spawn monster count
 F = Spawn count percentage of total count
 G = Total turns spent on level
                    A         B        C        D         E        F      G
               +---------+---------+-------+---------+---------+-------+---------
         Total |       0 |   96656 |   0.0 |       0 |     593 |   0.0 | 20917
               +---------+---------+-------+---------+---------+-------+---------
           D:1 |       0 |      22 |   0.0 |       0 |      12 |   0.0 |   583
           D:2 |       0 |      59 |   0.0 |       0 |      14 |   0.0 |   891
           D:3 |       0 |     316 |   0.0 |       0 |      36 |   0.0 |  1100
           D:4 |       0 |     214 |   0.0 |       0 |       8 |   0.0 |   603
           D:5 |       0 |     133 |   0.0 |       0 |       7 |   0.0 |  1028
           D:6 |       0 |     885 |   0.0 |       0 |      17 |   0.0 |   950
           D:7 |       0 |    1603 |   0.0 |       0 |      23 |   0.0 |   928
           D:8 |       0 |    3268 |   0.0 |       0 |      36 |   0.0 |  1050
           D:9 |       0 |    4276 |   0.0 |       0 |      43 |   0.0 |  1217
          D:10 |       0 |    2566 |   0.0 |       0 |      21 |   0.0 |   973
          D:11 |       0 |    9055 |   0.0 |       0 |      48 |   0.0 |  1381
          D:12 |       0 |    7000 |   0.0 |       0 |      35 |   0.0 |  1566
          D:13 |       0 |   13056 |   0.0 |       0 |      66 |   0.0 |  1365
          D:14 |       0 |    3956 |   0.0 |       0 |      16 |   0.0 |   984
          D:15 |       0 |   16899 |   0.0 |       0 |      50 |   0.0 |  1213
        Temple |       0 |       2 |   0.0 |       0 |       1 |   0.0 |    43
        Lair:1 |       0 |    4688 |   0.0 |       0 |      23 |   0.0 |   912
        Lair:2 |       0 |   12433 |   0.0 |       0 |      44 |   0.0 |  1476
        Lair:3 |       0 |   11795 |   0.0 |       0 |      79 |   0.0 |  1492
        Lair:4 |       0 |    3737 |   0.0 |       0 |      12 |   0.0 |  1057
        Lair:5 |       0 |     693 |   0.0 |       0 |       2 |   0.0 |    72
               +---------+---------+-------+---------+---------+-------+---------
